cohdb
Replays
Latest Replays
All Replays
Popular Replays
Top Player Replays
Match Explorer
How It Works
Community
CoH3 Stats
Reddit
Sign in to upload your games and track your stats! →
Sign in with Steam
Match 39848643
Unlisted
Match 39848643
Overview
Messages
Build Orders
End
Royal Engineer Section
Construct Section Command Post
Selects Canadian Shock Battlegroup
Vickers Machine Gun Team
Infantry Section
Grenade Package
Infantry Section
ML 3-inch Mortar Team
Selects Attacking Spirit
Selects Canadian Shock Section
Canadian Shock Section
Construct Platoon Command Post
Selects Burnout
6-pounder Anti-tank Gun Team
Construct Company Command Post
Selects Pyrotechnics
Construct Field Infirmary
6-pounder Anti-tank Gun Team
Selects Smoke Operation
Selects Point Assault
Matilda II Heavy Tank
Unlock M3 Grant Medium Tanks
M3 Grant Medium Tank
Banana
applejuice
FL_FL
Microsoft Outlook
deadsadbadmad
Alessandro-9891
0
0
Comments
sign in to comment!
No comments posted yet!